 Dungeon Crawl Stone Soup version 0.29.1-2-gbd0b4ee654 (webtiles) character file.

Game seed: 4314685446178280304

222 H0rd4k the Trooper (level 5, -2/36 HPs)
             Began as an Octopode Artificer on Nov 22, 2022.
             Slain by an iguana (14 damage)
             ... on level 4 of the Dungeon.
             The game lasted 00:03:40 (3589 turns).

H0rd4k the Trooper (Octopode Artificer)             Turns: 3589, Time: 00:03:41

Health: -2/36      AC:  1    Str: 11    XL:     5   Next: 99%
Magic:  9/9        EV: 13    Int: 15    God:
Gold:   207        SH:  0    Dex: 13    Spells: 9/9 levels left

rFire   . . .      SeeInvis .     - Unarmed
rCold   . . .      Faith    .   (no shield)
rNeg    . . .      Spirit   .   (helmet restricted)
rPois   .          Reflect  .   a - amulet of the acrobat
rElec   .          Harm     .   (no ring)
rCorr   .          Rampage  .   (no ring)
Will    .....                   (no ring)
Stlth   +++.......              (no ring)
HPRegen 0.12/turn               (no ring)
MPRegen 0.11/turn               (no ring)
                                (no ring)
                                (no ring)

@: no status effects
A: almost no armour, amphibious, 8 rings, camouflage 1, gelatinous body 1,
(nimble swimmer 1), tentacles
a: no special abilities


You were on level 4 of the Dungeon.
You visited 1 branch of the dungeon, and saw 4 of its levels.

You collected 207 gold pieces.

Inventory:

Hand Weapons
 l - a +0 dagger of draining
Jewellery
 a - an amulet of the acrobat (around mantle)
Wands
 b - a wand of flame (7) (quivered)
 c - a wand of charming (8)
 d - a wand of iceblast (3)
Scrolls
 e - 2 scrolls of teleportation {unknown}
 g - a scroll of magic mapping {unknown}
 h - a scroll of torment {unknown}
 j - 5 scrolls of identify {unknown}
 k - 2 scrolls of enchant weapon {unknown}
 n - a scroll of poison {unknown}
 o - a scroll of fear {unknown}
Potions
 f - a potion of lignification {unknown}
 i - a potion of brilliance {unknown}
 m - a potion of haste {unknown}
 p - a potion of degeneration {unknown}


   Skills:
 * Level 3.3 Fighting
 - Level 2.3 Dodging
 - Level 1.3 Stealth
 + Level 2.9 Unarmed Combat
 * Level 2.7 Spellcasting
 - Level 3.2 Evocations


You had 9 spell levels left.
You didn't know any spells.
Your spell library contained the following spells:

 Spells                   Type           Power      Damage    Failure   Level
 Dazzling Flash           Conj/Hex       4%         N/A       52%         3
 Agony                    Necr           2%         N/A       99%         5
 Silence                  Hex/Air        1%         N/A       99%         5


Dungeon Overview and Level Annotations

Branches:
Dungeon (4/15)
 Temple: D:4-7

Altars:
Fedhas

Annotations:
D:2 exclusion: downstairs
D:4 1 transporter


Innate Abilities, Weirdness & Mutations

You cannot wear most types of armour.
You are amphibious.
You can wear up to eight rings at the same time.
Your skin changes colour to match your surroundings (Stealth+).
Your rubbery body absorbs attacks. (AC +1, EV +1)
((You are camouflaged when in or above water. (Stealth+)))
You have tentacles for arms and can constrict up to eight enemies at once.


Message History

Found a metallic silvery potion.
Found a scroll labelled GUTOTWEREI and a leather armour.
Found a hand axe and 10 gold pieces.
You feel a bit more experienced.
p - a metallic silvery potion
There are no items here.
Found 11 gold pieces and a scroll labelled ONANIP UXEWN.
Found a runed whip and a shortbow.
j - 5 scrolls labelled GUTOTWEREI (gained 1)
Found a transporter.
An iguana comes into view.
A dart slug comes into view.
You see here 11 gold pieces.
You now have 207 gold pieces (gained 11).
A giant cockroach comes into view.
Found a stone staircase leading down.
The helpless iguana fails to defend itself.
You tentacle-slap the iguana but do no damage.
You grab the iguana. You squeeze the iguana.
The iguana is moderately wounded.
You constrict the iguana, but do no damage.
The iguana closely misses you.
You tentacle-slap the iguana but do no damage.
You squeeze the iguana!
The iguana is severely wounded.
You constrict the iguana. The iguana bites you!
You tentacle-slap the iguana.
The iguana is almost dead.
You constrict the iguana, but do no damage.
The iguana misses you.
You tentacle-slap the iguana but do no damage.
You tentacle-slap the iguana.
You squeeze the iguana, but do no damage.
The iguana is almost dead.
You constrict the iguana. The iguana bites you!
You barely miss the iguana.
You squeeze the iguana, but do no damage.
The iguana is almost dead.
You constrict the iguana, but do no damage.
The iguana bites you!
You die...

...........$##..## ..#.
............##...# ....
...............## ....>
##.......#.#..#. .....
#........#.##.[. ......
####).......#...
....B######............
#.........##.....##.
##l@.....####....##.
#..).....# ##......
............##......#
###.w#.#...####......#
....#.##.## ##....##
#....###### ###[##
##..# ### #.#


You could see an iguana, a dart slug and a giant cockroach.

Vanquished Creatures
  A hound (D:4)
  A gnoll bouda (D:3)
  5 gnolls
  4 adders
  A worm (D:3)
  An orc (D:3)
  4 ball pythons
  A bat (D:1)
  6 endoplasms
  2 giant cockroaches
  5 hobgoblins
  2 quokkas (D:3)
  2 frilled lizards (D:3)
  4 goblins
  5 kobolds
  3 rats
47 creatures vanquished.

Vanquished Creatures (collateral kills)
  A hound (D:4)
  An orc wizard (D:4)
  An endoplasm (D:4)
3 creatures vanquished.

Vanquished Creatures (others)
  A phantom (D:3)
1 creature vanquished.

Grand Total: 51 creatures vanquished

Notes
Turn   | Place    | Note
-------+----------+-------------------------------------------
     0 | D:1      | H0rd4k the Octopode Artificer began the quest for the Orb.
     0 | D:1      | Reached XP level 1. HP: 13/13 MP: 1/1
   103 | D:1      | Reached skill level 1 in Spellcasting
   103 | D:1      | Reached XP level 2. HP: 12/18 MP: 1/3
   688 | D:2      | Reached XP level 3. HP: 19/24 MP: 3/5
  1802 | D:3      | Reached skill level 1 in Unarmed Combat
  1944 | D:3      | Reached XP level 4. HP: 28/30 MP: 5/7
  2389 | D:3      | Found a blossoming altar of Fedhas.
  2529 | D:4      | Noticed a phantom
  2756 | D:3      | Reached XP level 5. HP: 6/36 MP: 8/8
  3548 | D:4      | Noticed an orc warrior
  3577 | D:4      | Found a transporter.
  3589 | D:4      | Slain by an iguana

Illustrated notes

Levels and vault maps discovered:
D:1:      heliophobic_arrival_battle_scene, layout_rooms,
          ebering_dispersal_statue_hall
D:2:      layout_basic
D:3:      layout_rooms, mainiacjoe_overflow_alcove_1
D:4:      layout_cave_pools, nzn_hepliaklqana_mist_gate, amcnicky_altar_gilded,
          gammafunk_ghost_mausoleum, grunt_ministairs_1

Skill      XL: |  1  2  3  4  5 |
---------------+----------------+-----
Spellcasting   | 1 2 |  2.7
Fighting       | 2 3 |  3.3
Unarmed Combat | 1 2 |  2.9
Dodging        | |  2.3
Stealth        | |  1.3
Evocations     | |  3.2

Action                   |  1- 3 |  4- 6 || total
-------------------------+-------+-------++-------
Melee: Unarmed           |    71 |    52 ||   123
       Constrict         |    19 |    14 ||    33
       Tentacles         |    17 |    10 ||    27
       Punch             |       |     1 ||     1
Evoke: Wand              |     3 |    14 ||    17
 Stab: Sleeping          |     8 |     2 ||    10
Armor: Skin              |     4 |     2 ||     6
Dodge: Dodged            |    46 |    52 ||    98
